 Dungeon Crawl Stone Soup version 0.17-a0-1863-g715b4b0 (webtiles) character file.

145 MikeDS the Chopper (level 5, 0/45 HPs)
             Began as a Hill Orc Fighter on Sept 20, 2015.
             Succumbed to an orc's poison
             ... on level 3 of the Dungeon.
             The game lasted 00:07:09 (1935 turns).

MikeDS the Chopper (Hill Orc Fighter)               Turns: 1935, Time: 00:07:09

Health: 0/45       AC:  6    Str: 19    XL:     5   Next: 27%
Magic:  5/5        EV: 10    Int:  8    God:
Gold:   103        SH:  0    Dex: 11    Spells: 0 memorised, 4 levels left

rFire  . . .     SeeInvis .     a - +0 war axe
rCold  . . .     Clarity  .     b - +0 scale mail
rNeg   . . .     SustAt   .     (no shield)
rPois  .         Gourm    .     (no helmet)
rElec  .         Spirit   .     (no cloak)
rCorr  .         Warding  .     (no gloves)
rMut   .         Stasis   .     (no boots)
MR     .....                    (no amulet)
Stlth  ..........               (no ring)
                                (no ring)

@: lethally poisoned (0 -> -30), not resistant to hostile enchantments,
extremely unstealthy
A: no striking features
a: no special abilities


You were on level 3 of the Dungeon.
You were not hungry.

You visited 1 branch of the dungeon, and saw 4 of its levels.

You collected 103 gold pieces.

Inventory:

Hand weapons
 a - a +0 war axe (weapon)
 h - a +0 mace
Missiles
 j - 26 poisoned needles
 k - 18 sling bullets
Armour
 b - a +0 scale mail (worn)
 c - a +0 shield
Magical devices
 i - a wand of digging (10)
Scrolls
 f - a scroll of blinking {unknown}
 l - 2 scrolls of identify {unknown}
 m - a scroll of fear {unknown}
 o - a scroll of teleportation {unknown}
Comestibles
 e - 2 bread rations
 g - 3 meat rations


   Skills:
 - Level 3.6 Fighting
 + Level 6.0 Axes
 - Level 3.2 Armour
 - Level 1.7 Dodging
 - Level 0.6 Stealth
 - Level 3.2 Shields


You had 4 spell levels left.
You didn't know any spells.

Dungeon Overview and Level Annotations

Branches:
Dungeon (4/15)
 Temple: D:4-7

Altars:
Ashenzari
Nemelex Xobeh

Annotations:
D:2 Sigmund


Message History

You hit the orc.
You kill the orc!
Your Axes skill increases to level 6!
You barely miss the bat.
* * * LOW HITPOINT WARNING * * *
You feel very sick. The bat closely misses you. x2
You aren't carrying any potions.
* * * LOW HITPOINT WARNING * * *
You feel very sick. The bat barely misses you.
Things that are here:
a hand axe of venom; a scale mail You are too injured to fight recklessly!
You are too injured to fight recklessly!
Unknown command.
* * * LOW HITPOINT WARNING * * *
You feel very sick. The bat barely misses you.
You die...

.... #.#
#.............#.####
.... #.#
#...###.......# #
#.# #...# #.####..#
.######..# #.# ...#
.........###.##....#
########.........#.#
#.....#.......
##....#####.##
#@>..'.....#
##b..####### #...#
#...# ####..###
#.......##
#...8....#######
#..8.8..........
####.8._.8.##.#####


You could see a bat.

Vanquished Creatures
  Ijyb (D:3)
  An orc wizard (D:4)
  Terence (D:1)
  2 adders (D:4)
  2 giant geckos (D:1)
  2 orcs (D:3)
  A ball python (D:1)
  4 bats (D:1)
  3 giant cockroaches
  3 goblins
  4 hobgoblins
  6 jackals
  5 giant newts
  7 kobolds
42 creatures vanquished.

Notes
Turn   | Place    | Note
--------------------------------------------------------------
     0 | D:1      | MikeDS the Hill Orc Fighter began the quest for the Orb.
     0 | D:1      | Reached XP level 1. HP: 19/19 MP: 1/1
   219 | D:1      | Reached XP level 2. HP: 23/26 MP: 2/2
   333 | D:1      | Found a sparkling altar of Nemelex Xobeh.
   960 | D:2      | Noticed Sigmund
   994 | D:2      | Noticed Terence
  1002 | D:1      | Killed Terence
  1002 | D:1      | Reached skill level 4 in Axes
  1002 | D:1      | Reached skill level 1 in Dodging
  1002 | D:1      | Reached XP level 3. HP: 19/31 MP: 3/3
  1090 | D:2      | Found a shattered altar of Ashenzari.
  1290 | D:2      | Noticed Ijyb
  1304 | D:3      | Reached XP level 4. HP: 28/39 MP: 4/4
  1309 | D:3      | Killed Ijyb
  1440 | D:3      | Found a faded altar to an unknown god.
  1459 | D:3      | Reached skill level 5 in Axes
  1576 | D:3      | HP: 1/39 [something/puff of flame (4)]
  1607 | D:4      | Reached XP level 5. HP: 5/45 MP: 5/5
  1932 | D:3      | Reached skill level 6 in Axes
  1934 | D:3      | HP: 2/45 [poisoned by an orc]
  1935 | D:3      | Succumbed to an orc's poison

Vault maps used:
D:1:      sevenhm_arrival_forest_fort_small_4, nemelex_xobeh_ov_fountains_minmay
D:2:      ashenzari_altar_1, lemuel_coloured_pillars_altar, uniq_sigmund,
          uniq_iyjb, uniq_terence
D:3:      okawaru_gym_becter, first_bread, ecumenical_altar_2, uniq_jessica
D:4:      lemuel_doored_altar, temple_green, nicolae_qazlal_style_of_elements

Action                   |  1- 3 |  4- 6 || total
-------------------------+-------+-------++-------
Melee: War axe           |    82 |    52 ||   134
  Use: Potion            |     1 |     1 ||     2
  Eat: Chunk             |     1 |     2 ||     3
